Unix NetHack Version 5.0.0-0 post-release - last build May 10 2026 23:12:36 (d1fa5d53e341ca933230fdaa984d921c805b60aa,branch:main).

Game began 2026-05-13 21:42:25, ended 2026-05-13 22:00:17.

BitterJesus, neutral female gnomish Wizard

                ---
                .@.
                ---

BitterJesus the Thaumaturge  St:11 Dx:16 Co:12 In:18 Wi:9 Ch:12  Neutral
Dlvl:8  $:99 HP:0(44) Pw:35(62) AC:9  Xp:6/340 T:2959 

Latest messages:
 K - an uncursed bronze ring (on right hand).
 What do you want to remove? [eK or ?*] K
 You were wearing an uncursed bronze ring (on right hand).
 You hear a door open.
 Simon bites the gnome lord.
 Simon misses the gnome lord.
 Simon bites the gnome lord.
 The gnome lord misses Simon.
 Simon bites the gnome lord.
 The gnome lord is killed!
 The door opens.
 "Hello, BitterJesus!  Welcome to Holmavik's general store!"
 You see here a potion called fruit juice (for sale, 50 zorkmids).
 You see here a scroll labeled ETAOIN SHRDLU (for sale, 200 zorkmids).
 You see here a slime mold (for sale, 17 zorkmids).
 You see here a figurine of a Green-elf (for sale, 80 zorkmids).
 You see here a chain mail (for sale, 75 zorkmids).
 You see here a chain mail (for sale, 85 zorkmids).
 You do not owe Holmavik anything.
 You hear an animal carcass being offered in sacrifice.
 You do not owe Holmavik anything.
 You do not owe Holmavik anything.
 You stop.  Simon is in the way!
 You do not owe Holmavik anything.
 You do not owe Holmavik anything.
 You do not owe Holmavik anything.
 You do not owe Holmavik anything.
 You hit the gas spore!
 You kill the gas spore!
 Boom!
 Holmavik is caught in the gas spore's explosion!
 Holmavik resists the gas spore's explosion!
 Holmavik gets angry!
 The dwarf gets angry!
 You are caught in the gas spore's explosion!
 Holmavik zaps a wand of striking!
 Boing!
 Holmavik hits!
 Holmavik hits again!
 What do you want to zap? [cu or ?*] u
 In what direction? >
 You dig a hole through the floor.
 You fall through...
 You die...
 Do you want your possessions identified? [ynq] (y) y
 Do you want to see your attributes? [ynq] (y) n
 Do you want an account of creatures vanquished? [ynaq] (y) n
 Do you want a list of species genocided? [ynaq] (y) n
 Do you want to see your conduct and achievements? [ynq] (y) n
 Do you want to see the dungeon overview? [ynq] (y) n

Inventory:
 Coins    ('$')
  $ - 99 gold pieces
 Weapons  (')')
  F - 5 +0 daggers (at the ready)
  t - a +0 orcish dagger
  a - a blessed +1 quarterstaff (weapon in hands)
 Armor    ('[')
  b - a blessed +0 cloak of magic resistance (being worn)
 Comestibles  ('%')
  y - an uncursed clove of garlic
  B - an uncursed lembas wafer
 Scrolls  ('?')
  j - an uncursed scroll of earth
  M - a cursed scroll of enchant weapon
  w - an uncursed scroll of food detection
  i - 2 uncursed scrolls of identify
  E - an uncursed scroll of light
 Spellbooks  ('+')
  N - an uncursed spellbook of chain lightning
  l - an uncursed spellbook of cure blindness
  k - a blessed spellbook of force bolt
 Potions  ('!')
  s - an uncursed potion of object detection
  g - an uncursed potion of restore ability
  h - a potion of holy water
 Rings    ('=')
  C - a cursed ring of aggravate monster
  e - an uncursed ring of free action (on left hand)
  d - a blessed +1 ring of gain constitution
  K - an uncursed ring of warning
 Wands    ('/')
  u - a wand of digging (0:6)
  c - a wand of striking (0:5)
 Tools    ('(')
  L - an empty uncursed sack
  x - a blessed crystal ball (0:7)
  m - a magic marker (0:22)

BitterJesus the Wizard's attributes:

Background:
 You were a Thaumaturge, a level 6 female gnomish Wizard.
 You were neutral, on a mission for Thoth
 who was opposed by Ptah (lawful) and Anhur (chaotic).
 You were left-handed.
 You were in the Gnomish Mines, on level 8.
 You entered the dungeon 2959 turns ago.
 It was nighttime.
 You had 340 experience points, 300 more were needed to attain level 7.

Basics:
 You had 0 out of 44 hit points.
 You had 35 out of 62 energy points (spell power).
 Your armor class was 9.
 Your wallet contained 99 zorkmids.
 Autopickup was off.

Final Characteristics:
 Your strength was 11 (limit:18/50).
 Your dexterity was 16 (limit:18).
 Your constitution was 12 (limit:18).
 Your intelligence was 18 (limit:19).
 Your wisdom was 9 (limit:18).
 Your charisma was 12 (limit:18).

Final Status:
 You weren't hungry.
 You were unencumbered.
 You were wielding a quarterstaff.
 You had basic skill with quarterstaff.

Final Attributes:
 You were fervently aligned.
 You were magic-protected.
 You had infravision.
 You were warded.
 You had free action.
 You are dead.

Miscellaneous:
 You encountered 1 bones level.
 Total elapsed playing time was 17 minutes and 51 seconds.

Major events:
 Turn
    1: BitterJesus the neutral female gnomish Wizard entered the dungeon
  942: attained the rank of Conjurer (level 3)
 1812: entered the Gnomish Mines
 2363: reached Mine Town
 2481: performed her first genocide (class L)
 2840: attained the rank of Thaumaturge (level 6)
 2959: killed by falling down a mine shaft

Spells:
 Name                 Level Category     Fail Retention
 force bolt             1   attack         0%   81%-90%
 cure blindness         2   healing       31%  76%-100%
 chain lightning        2   attack         0%  91%-100%

Skills:
 Fighting Skills
   bare handed combat [Unskilled]
   riding             [Unskilled]
 Weapon Skills
   dagger             [Unskilled]
   knife              [Unskilled]
   axe                [Unskilled]
   short sword        [Unskilled]
   club               [Unskilled]
   mace               [Unskilled]
   quarterstaff       [Basic]
   polearms           [Unskilled]
   spear              [Unskilled]
   trident            [Unskilled]
   sling              [Unskilled]
   dart               [Unskilled]
   shuriken           [Unskilled]
 Spellcasting Skills
   attack spells      [Basic]
   healing spells     [Unskilled]
   divination spells  [Unskilled]
   enchantment spells [Basic]
   clerical spells    [Unskilled]
   escape spells      [Unskilled]
   matter spells      [Unskilled]

Voluntary challenges:
 Character rerolling was not enabled.
 You genocided 4 types of monsters.
 You never polymorphed an object.
 You never changed form.
 You used no wishes.
Achievements:
 You entered a shop.
 You attained the rank of Conjurer.
 You entered the Gnomish Mines.
 You entered Minetown.
 You entered a temple.
 You attained the rank of Thaumaturge.

 The Dungeons of Doom: levels 1 to 5
    Level 1:
       A sink.
    Level 2:
       A general store, a fountain.
    Level 3:
    Level 4:
       Stairs down to The Gnomish Mines.
    Level 5:
       A grave.
 The Gnomish Mines: levels 5 to 8
    Level 5:
    Level 6:
    Level 7:
       A general store, a temple and an altar, some fountains, some trees.
       Final resting place for
          DiePARTEI-Arc-Hum-Mal-Law, killed by an aklys.
    Level 8: <- You were here.
       Final resting place for
          you, killed by falling down a mine shaft.


Vanquished creatures:
  a ghost
  2 leprechauns
  a dingo
  a dog
  a blue jelly
  a gnome mummy
  a gnome leader
  a dwarf
  7 hill orcs
  a wererat
  3 iguanas
  a coyote
  a gas spore
  5 hobbits
  a large kobold
  2 giant rats
  a cave spider
  4 yellow molds
  a red mold
  7 gnomes
  a gnome zombie
  3 geckos
  9 jackals
  3 kobolds
  4 goblins
  2 sewer rats
  2 grid bugs
  2 bats
  a lichen
  7 newts
77 creatures vanquished.

Genocided species:
 arch-liches
 master liches
 demiliches
 liches
4 species genocided.

Game over:
                       ----------
                      /          \
                     /    REST    \
                    /      IN      \
                   /     PEACE      \
                  /                  \
                  |   BitterJesus    |
                  |      99 Au       |
                  |    killed by     |
                  |  falling down a  |
                  |    mine shaft    |
                  |                  |
                  |       2026       |
                 *|     *  *  *      | *
        _________)/\\_//(\/(/\)/\//\/|_)_______

Goodbye BitterJesus the Wizard...

You died in The Gnomish Mines on dungeon level 8 with 1820 points,
and 99 pieces of gold, after 2959 moves.
You were level 6 with a maximum of 44 hit points when you died.

